 Dungeon Crawl Stone Soup version 0.30-a0-329-g85436e0a43 (webtiles) character file.

Game seed: 1047112820675131263

142 PimpSugar the Magician (level 5, 0/48 (55) HPs)
             Began as a Demonspawn Hedge Wizard on Oct 29, 2022.
             Slain by a black bear (5 damage)
             ... on level 3 of the Dungeon.
             The game lasted 00:16:26 (2849 turns).

PimpSugar the Magician (Demonspawn Hedge Wizard)    Turns: 2849, Time: 00:16:27

HP:   0/48 (55)     AC:  4    Str: 11    XL:     5   Next: 4%
MP:   1/10          EV: 12    Int: 17    God:
Gold: 91            SH:  0    Dex: 12    Spells: 3/11 levels left

rFire   . . .      SeeInvis .    i - +0 sling
rCold   . . .      Faith    .    (no shield)
rNeg    . . .      Spirit   .    b - +0 robe
rPois   .          Reflect  .    c - +0 hat
rElec   .          Harm     .    (no cloak)
rCorr   .          Rampage  .    (no gloves)
Will    .....                    (no boots)
Stlth   ..........               (no amulet)
HPRegen 0.28/turn                (no ring)
MPRegen 0.12/turn                (no ring)

@: berserking, heavily drained, very quick
A: hooves 1, slimy green scales 1
a: no special abilities


You were on level 3 of the Dungeon.
You visited 1 branch of the dungeon, and saw 3 of its levels.

You collected 91 gold pieces.

Inventory:

Hand Weapons
 a - a +0 dagger
 g - a +0 short sword
 i - a +0 sling (weapon)
Missiles
 e - 15 stones
 f - 6 poisoned darts
Armour
 b - a +0 robe (worn)
 c - a +0 hat (worn)
Scrolls
 d - a scroll of brand weapon {unknown}
 l - 2 scrolls of poison {unknown}
 m - a scroll of summoning {unknown}
 o - a scroll of torment {unknown}
 r - a scroll of blinking {unknown}
Potions
 j - a potion of degeneration
 k - a potion of lignification
 n - a potion of mutation {unknown}
 p - a potion of cancellation {unknown}
 q - a potion of brilliance {unknown}


   Skills:
 + Level 1.2 Fighting
 + Level 2.2 Dodging
 - Level 1.7 Stealth
 * Level 3.6 Spellcasting
 * Level 2.0 Conjurations
 + Level 1.8 Summonings
 + Level 1.1 Necromancy
 + Level 1.5 Translocations
 + Level 0.5 Air Magic
 + Level 1.0 Poison Magic


You had 3 spell levels left.
You knew the following spells:

 Your Spells              Type           Power      Damage    Failure   Level
a - Magic Dart            Conj           36%        1d4       7%          1
b - Call Imp              Summ           9%         N/A       12%         2
c - Cigotuvi's Dreadful   Necr/Pois/Air  12%        N/A       17%         2
d - Ignite Poison         Fire/Tmut/Pois 4%         N/A       38%         3

Your spell library contained the following spells:

 Spells                   Type           Power      Damage    Failure   Level
 Blink                    Tloc           16%        N/A       14%         2
 Slow                     Hex            12%        N/A       17%         1
 Mephitic Cloud           Conj/Pois/Air  7%         N/A       30%         3
 Vampiric Draining        Necr           6%         2d6       30%         3
 Confusing Touch          Hex            3%         N/A       45%         3
 Sticky Flame             Conj/Fire      6%         2d3       71%         4
 Freezing Cloud           Conj/Ice/Air   2%         6-21      97%         5
 Simulacrum               Ice/Necr       2%         N/A       100%        6
 Ignition                 Fire           1%         3d3       100%        8
 Polar Vortex             Ice            1%         N/A       100%        9


Dungeon Overview and Level Annotations

Branches:
Dungeon (3/15)

Altars:
Kikubaaqudgha
Uskayaw

Shops:
D:1 !:*


Innate Abilities, Weirdness & Mutations

You have large cloven feet.
You are partially covered in slimy green scales. (AC +2)


Message History

The black bear bites your crimson imp. The black bear claws your crimson imp.
Your crimson imp dies!
Your crimson imp disappears in a puff of smoke!
Casting: Call Imp (safe; 12% risk of failure)
Confirm with . or Enter, or press ? or * to list all spells.
Aiming: Magic Dart (safe; 7% risk of failure)
Press: ? - help, Shift-Dir - straight line, f/p - black bear
Aim: a black bear (severely wounded, berserk, unaware, hasn't noticed you, 100% to hit)
The magic dart hits the black bear.
The black bear is almost dead.
The black bear growls angrily.
The black bear rages.
Casting: Magic Dart (safe; 7% risk of failure)
Confirm with . or Enter, or press ? or * to list all spells.
Aiming: Magic Dart (safe; 7% risk of failure)
Press: ? - help, Shift-Dir - straight line, f/p - black bear
Aim: a black bear (almost dead, berserk, 100% to hit)
The magic dart hits the black bear but does no damage.
The black bear is almost dead.
Casting: Magic Dart (safe; 7% risk of failure)
Confirm with . or Enter, or press ? or * to list all spells.
A beastly little devil appears in a puff of flame.
The black bear barely misses you. The black bear claws you.
The black bear barely misses you. The black bear bites you.
The black bear claws you. x2
You swap places.
The black bear bites your crimson imp! The black bear claws your crimson imp.
The black bear claws your crimson imp but does no damage.
Your crimson imp blinks!
The black bear closely misses you. The black bear claws you.
The black bear closely misses you. The black bear bites you!
The black bear claws you.
* * * LOW HITPOINT WARNING * * *
The black bear claws you but does no damage.
Your crimson imp blinks!
A red film seems to cover your vision as you go berserk!
You feel yourself moving faster!
You feel mighty! The black bear bites you.
* * * LOW HITPOINT WARNING * * *
The black bear claws you.
You die...

##..........###
###..............#
....#..........#.#
....#.............
....#............#
....#............#
...##............#
...######'#####.@#
........)......§h#
...######.######.#
))..............5#
..........########
..........#
..#....####
..#....# ..#....#


You could see a black bear (berserk, ally target) and a friendly crimson imp
(summoned).

Vanquished Creatures
  3 orcs (D:3)
  5 endoplasms
  2 giant cockroaches
  4 goblins
  2 hobgoblins
  3 quokkas (D:2)
  4 ball pythons
  4 bats
  A frilled lizard (D:1)
  4 kobolds
  3 rats
35 creatures vanquished.

Vanquished Creatures (collateral kills)
  2 orc priests (D:3)
  An orc wizard (D:3)
  A worm (D:3)
  3 orcs (D:3)
  A ball python (D:2)
  An endoplasm (D:2)
  A giant cockroach (D:3)
  A hobgoblin (D:1)
  A kobold (D:1)
12 creatures vanquished.

Grand Total: 47 creatures vanquished

Notes
Turn   | Place    | Note
-------+----------+-------------------------------------------
     0 | D:1      | PimpSugar the Demonspawn Hedge Wizard began the quest for
                  | the Orb.
     0 | D:1      | Reached XP level 1. HP: 13/13 MP: 4/4
    87 | D:1      | Found Neetuos's Book Shop.
   122 | D:1      | Reached skill level 1 in Translocations
   186 | D:1      | Found Jeoveh's Distillery.
   323 | D:1      | Gained mutation: You are partially covered in slimy green
                  | scales. (AC +2) [demonic ancestry]
   323 | D:1      | Reached XP level 2. HP: 20/20 MP: 3/6
   384 | D:1      | Learned a level 2 spell: Call Imp
   387 | D:1      | Learned a level 2 spell: Cigotuvi's Dreadful Rot
   555 | D:1      | Found Calaaryo's General Store.
  1486 | D:2      | Reached XP level 3. HP: 25/25 MP: 4/7
  2114 | D:2      | Found an ancient bone altar of Kikubaaqudgha.
  2144 | D:2      | Learned a level 3 spell: Ignite Poison
  2270 | D:3      | Reached skill level 1 in Fighting
  2270 | D:3      | Gained mutation: You have large cloven feet. [demonic
                  | ancestry]
  2270 | D:3      | Reached XP level 4. HP: 29/32 MP: 3/9
  2394 | D:3      | Found a faded altar of an unknown god.
  2578 | D:3      | Found a faded altar of an unknown god.
  2583 | D:3      | Found a hide-covered altar of Uskayaw.
  2695 | D:3      | Reached skill level 1 in Necromancy
  2710 | D:3      | Reached skill level 1 in Poison Magic
  2710 | D:3      | Reached XP level 5. HP: 16/37 MP: 0/10
  2803 | D:3      | Noticed a black bear
  2849 | D:3      | Slain by a black bear

Illustrated notes

Levels and vault maps discovered:
D:1:      dpeg_arrival_connections, layout_loops_cross, serial_shops,
          nicolae_shop_trees, shop, nicolae_shop_hallway_stairs,
          kennysheep_boxes
D:2:      layout_loops_ring, basic_altar
D:3:      layout_basic, nicolae_dithmenos_shadow_blocks,
          nicolae_overflow_ecumenical_swirl, chequers_ecumenical_altar_twisty

Skill      XL: |  1  2  3  4 |
---------------+-------------+-----
Translocations | 1 |  1.5
Dodging        | 2 |  2.2
Fighting       | 1 |  1.2
Necromancy     | 1 |  1.1
Conjurations   | 2 |  2.0
Poison Magic   | 1 |  1.0
Stealth        | |  1.7
Spellcasting   | |  3.6
Summonings     | |  1.8
Air Magic      | |  0.5

Action                   |  1- 3 |  4- 6 || total
-------------------------+-------+-------++-------
Melee: Dagger            |    13 |       ||    13
 Fire: Sling             |    29 |    29 ||    58
 Cast: Magic Dart        |    56 |    18 ||    74
       Call Imp          |     4 |     8 ||    12
       Cigotuvi's Dreadf |     1 |     2 ||     3
  Use: Potion            |     2 |     1 ||     3
       Scroll            |     4 |       ||     4
Armor: Robe              |     7 |    16 ||    23
Dodge: Dodged            |    21 |    37 ||    58

Table legend: (Time is in decaauts)
 A = Elapsed time spent in this place.
 B = Non-inter-level travel time spent in this place.
 C = Inter-level travel time spent in this place.
 D = Time resting spent in this place.
 E = Time spent auto-exploring this place.
 F = Levels seen in this place.
 G = Mean time per level.
                   A        B        C        D        E       F      G
               +--------+--------+--------+--------+--------+-----+--------+
         Total |   2871 |   2648 |    223 |    147 |   1615 |   3 |  957.0 |
       Dungeon |   2871 |   2648 |    223 |    147 |   1615 |   3 |  957.0 |
               +--------+--------+--------+--------+--------+-----+--------+

Top non-repeatable levels by time:
     D:1: 1220 daAuts
     D:2: 952 daAuts
     D:3: 699 daAuts
